 Dungeon Crawl Stone Soup version 0.26.0-45-g9c1d065592 (webtiles) character file.

Game seed: 6547679673085725597

472 kaeus the Sneak (level 7, -2/41 HPs)
             Began as an Octopode Enchanter on Jan 29, 2021.
             Slain by a centaur (6 damage)
             ... on level 4 of the Dungeon.
             The game lasted 00:03:46 (3395 turns).

kaeus the Sneak (Octopode Enchanter)                Turns: 3395, Time: 00:03:47

Health: -2/41      AC:  1    Str:  7    XL:     7   Next: 9%
Magic:  11/11      EV: 14    Int: 24    God:
Gold:   137        SH:  0    Dex: 14    Spells: 6/12 levels left

rFire    . . .     SeeInvis .   a - +1 dagger
rCold    + . .     Faith    .   (no shield)
rNeg     . . .     Spirit   .   (helmet restricted)
rPois    .         Reflect  .   (no amulet)
rElec    .         Harm     .   c - +6 ring of intelligence
rCorr    .         Rampage  .   d - ring of protection from cold
Will     .....                  (no ring)
Stlth    ++++......             (no ring)
HPRegen  0.13/turn              (no ring)
MPRegen  0.12/turn              (no ring)
                                (no ring)
                                (no ring)

@: brilliant, lethally poisoned (-2 -> -7)
A: almost no armour, stealthy swim, amphibious, 8 rings, constrict 8, camouflage
1, gelatinous body 1
a: no special abilities


You were on level 4 of the Dungeon.
You visited 1 branch of the dungeon, and saw 4 of its levels.

You collected 137 gold pieces.

Inventory:

Hand Weapons
 a - a +1 dagger (weapon)
Missiles
 h - 4 poisoned darts
Armour
 j - a +2 kite shield
Jewellery
 c - a +6 ring of intelligence (left tentacle)
 d - a ring of protection from cold (right tentacle)
Scrolls
 b - 3 scrolls of remove curse
 e - a scroll of random uselessness {unknown}
 f - 2 scrolls of immolation {unknown}
 g - 2 scrolls of teleportation
 k - a scroll of fear {unknown}
 l - 4 scrolls of enchant armour {unknown}
 m - a scroll of enchant weapon {unknown}
 p - a scroll of noise {unknown}
Potions
 i - a potion of berserk rage {unknown}
 o - a potion of resistance {unknown}


   Skills:
 + Level 2.9 Short Blades
 + Level 3.4 Dodging
 * Level 7.2 Stealth
 + Level 3.2 Spellcasting
 + Level 4.1 Hexes


You had 6 spell levels left.
You knew the following spells:

 Your Spells              Type           Power        Failure   Level
a - Corona                Hex            38%          1%          1
b - Ensorcelled Hibernat  Hex/Ice        40%          7%          2
c - Dazzling Flash        Conj/Hex       40%          14%         3

Your spell library contained the following spells:

 Spells                   Type           Power        Failure   Level
 Confusing Touch          Hex            35%          6%          3
 Tukima's Dance           Hex            35%          6%          3


Dungeon Overview and Level Annotations

Branches:
Dungeon (4/15)             Temple (0/1) D:4

Altars:
Cheibriados
Okawaru


Innate Abilities, Weirdness & Mutations

You cannot wear most types of armour.
You are very stealthy in the water. (Stealth+)
You are amphibious.
You can wear up to eight rings at the same time.
You can use your tentacles to constrict eight enemies at once.
Your skin changes colour to match your surroundings (Stealth+).
Your rubbery body absorbs attacks. (AC +1, EV +1)


Message History

You hit the centaur. You squeeze the centaur.
The centaur is severely wounded.
The worker ant bites you. The centaur hits you.
You take 3 damage, and have 17/41 hp.
It was a potion of brilliance.
You feel clever all of a sudden. The centaur hits you!
* * * LOW HITPOINT WARNING * * *
The worker ant bites you.
* * * LOW HITPOINT WARNING * * *
You are poisoned.
The worker ant poisons you! The centaur hits you.
* * * LOW HITPOINT WARNING * * *
The worker ant barely misses you.
You take 12 damage, and have 5/41 hp.
MASSIVE DAMAGE!!
You hit the centaur but do no damage. You squeeze the centaur.
The centaur is almost dead.
* * * LOW HITPOINT WARNING * * *
You feel sick. The centaur hits you.
You die...

#...#.)... #.........
#### #..#.#..# . ##
#...##.......##..
##.##.#....#...#.....
#........#.......#...
#......#.....Bc....#
#.......#...@...#
#.$......)#...#.....
##.?..............>..
#......####.#.#......
#......####.....[....
##...####.#.#...#......#
#... #......#.......##
... #..##...######..
....####.## #.#


You could see a centaur and a worker ant.

Vanquished Creatures
  A hornet (D:3)
  2 ogres
  3 adders
  An ooze (D:3)
  3 worms
  A dart slug (D:2)
  2 leopard geckos (D:2)
  2 ball pythons (D:2)
  7 hobgoblins
  10 jackals
  A quokka (D:3)
  7 bats
  6 frilled lizards
  7 goblins
  9 kobolds
  6 rats
68 creatures vanquished.

Notes
Turn   | Place    | Note
-------+----------+-------------------------------------------
     0 | D:1      | kaeus the Octopode Enchanter began the quest for the Orb.
     0 | D:1      | Reached XP level 1. HP: 11/11 MP: 3/3
   262 | D:1      | Reached XP level 2. HP: 16/17 MP: 5/5
  1297 | D:2      | Reached XP level 3. HP: 21/21 MP: 6/6
  1583 | D:2      | Learned a level 2 spell: Ensorcelled Hibernation
  1587 | D:2      | Learned a level 3 spell: Dazzling Flash
  1595 | D:2      | Reached skill level 5 in Stealth
  1730 | D:2      | Reached XP level 4. HP: 14/27 MP: 7/7
  2035 | D:2      | Found a snail-covered altar of Cheibriados.
  2055 | D:3      | Found an iron altar of Okawaru.
  2547 | D:3      | Noticed a hornet
  2553 | D:3      | Killed a hornet
  2554 | D:3      | Reached skill level 6 in Stealth
  2554 | D:3      | Reached XP level 5. HP: 5/31 MP: 7/9
  2554 | D:3      | Reached XP level 6. HP: 6/36 MP: 7/10
  3373 | D:4      | Found a staircase to the Ecumenical Temple.
  3378 | D:4      | Reached skill level 7 in Stealth
  3378 | D:4      | Reached XP level 7. HP: 41/41 MP: 11/11
  3395 | D:4      | Slain by a centaur

Illustrated notes

Levels and vault maps discovered:
D:1:      dpeg_arrival_signposts, layout_basic, chequers_jeans,
          roderic_nine_men_s_morris, minmay_stone_trees_small
D:2:      layout_basic, general_overflow_altar, kennysheep_crisscross,
          minmay_misc_feat_chi
D:3:      layout_basic, overflow_temple_1_default
D:4:      layout_cave_pools, lemuel_doored_altar, grunt_dithmenos_smoke,
          minmay_temple_entry_sparse_star

Skill      XL: |  1  2  3  4  5  6 |
---------------+-------------------+-----
Stealth        | 5 6 7 |  7.2
Short Blades   | 2 |  2.9
Dodging        | 3 |  3.4
Spellcasting   | 3 |  3.2
Hexes          | 4 |  4.1

Action                   |  1- 3 |  4- 6 |  7- 9 || total
-------------------------+-------+-------+-------++-------
Melee: Dagger            |    77 |    56 |    13 ||   146
       Constrict         |    19 |    12 |       ||    31
       Tentacles         |    16 |    13 |     3 ||    32
 Cast: Ensorcelled Hiber |       |     4 |       ||     4
  Use: Potion            |     3 |       |     1 ||     4
       Scroll            |       |     2 |       ||     2
 Stab: Sleeping          |    17 |    11 |       ||    28
       Distracted        |     1 |       |       ||     1
Armor: Skin              |     5 |     1 |       ||     6
Dodge: Dodged            |    45 |    34 |    12 ||    91
Block: Kite shield       |       |     2 |       ||     2
